 Dungeon Crawl Stone Soup version 0.31-a0-229-g1fc7ce93e2 (webtiles) character file.

Game seed: 9752318727979134059

42 qw the Shooter (level 3, 0/21 HPs)
             Began as a Gargoyle Hexslinger on July 6, 2023.
             Slain by a goblin
             ... wielding a +0 club
             ... led by Robin
              (5 damage)
             ... on level 2 of the Dungeon.
             The game lasted 00:00:22 (900 turns).

qw the Shooter (Gargoyle Hexslinger)                 Turns: 900, Time: 00:00:22

Health: 0/21       AC:  8    Str: 11    XL:     3   Next: 54%
Magic:  4/4        EV: 11    Int: 13    God:
Gold:   43         SH:  0    Dex: 14    Spells: 3/4 levels left

rFire   . . .        Y - +2 sling
rCold   + . .        (no shield)
rNeg    + . .        h - +0 leather armour {rC+}
rPois   inf          (no helmet)
rElec   +            (no cloak)
rCorr   .            (no gloves)
SInv    .            e - +1 pair of boots
Will    .....        (no amulet)
Stlth   +            (no ring)
HPRegen 0.23/turn    (no ring)
MPRegen 0.09/turn

%: no passive effects
@: no status effects
A: sickness immunity, AC +3, negative energy resistance 1, electricity
resistance, torment resistance 1, petrification resistance
a: no special abilities


You were on level 2 of the Dungeon.
You visited 1 branch of the dungeon, and saw 2 of its levels.

You collected 43 gold pieces.


Innate Abilities, Weirdness & Mutations

You are immune to sickness and miasma.
Your stone body is resilient. (AC +3)
You are immune to poison.
You resist negative energy. (rN+)
You are resistant to electric shocks. (rElec)
You are resistant to unholy torment.
You are immune to petrification.


   Skills:
 - Level 2.0 Fighting
 + Level 3.4 Ranged Weapons
 - Level 1.5 Dodging
 - Level 1.0 Spellcasting
 - Level 2.6 Hexes


You had 3 spell levels left.
You knew the following spells:

 Your Spells              Type           Power      Damage    Failure   Level
a - Slow                  Hex            28%        N/A       12%         1

Your spell library contained the following spells:

 Spells                   Type           Power      Damage    Failure   Level
 Inner Flame              Hex/Fire       4%         N/A       54%         3
 Portal Projectile        Hex/Tloc       8%         N/A       54%         3
 Cause Fear               Hex            3%         N/A       77%         4

Inventory:

Hand Weapons
 Y - a +2 sling (weapon)
Armour
 e - a +1 pair of boots (worn)
 h - a +0 leather armour of cold resistance (worn)
Potions
 d - a potion of magic {unknown}
 f - a potion of lignification {unknown}
 i - a potion of curing {unknown}

Dungeon Overview and Level Annotations

Branches:
Dungeon (2/15)

Altars:

Shops:
D:1 !

Annotations:
D:2 Robin


Message History

The goblin goes into a battle-frenzy!
You shoot a sling bullet. The hobgoblin shouts!
The sling bullet hits the hobgoblin.
The hobgoblin is almost dead.
An endoplasm comes into view.
Robin says, "Feeling lonely?"
Robin throws the goblin at you!
You shoot a sling bullet.
The sling bullet barely misses the goblin.
You hear a shout!
A hobgoblin comes into view.
A goblin comes into view. It is wielding a +0 club.
The goblin misses you.
A rat comes into view.
The goblin hits you but does no damage.
You shoot a sling bullet. The sling bullet hits the hobgoblin!
You kill the hobgoblin!
You hear a shout!
A goblin comes into view. It is wielding a +0 dagger.
The goblin hits you with a +0 dagger.
You shoot a sling bullet.
The sling bullet barely misses the goblin.
A goblin comes into view. It is wielding a +0 club.
The goblin closely misses you. The goblin hits you with a +0 dagger.
You shoot a sling bullet.
The sling bullet closely misses the goblin.
The goblin hits you with a +0 dagger. The goblin barely misses you.
You shoot a sling bullet.
The sling bullet hits the goblin but does no damage.
The goblin hits you with a +0 club. The goblin hits you with a +0 dagger.
The goblin hits you but does no damage. The goblin closely misses you.
You shoot a sling bullet.
The sling bullet barely misses the goblin.
The goblin hits you with a +0 club. The goblin hits you with a +0 dagger.
You shoot a sling bullet.
The sling bullet hits the goblin but does no damage.
You hear a shout!
The goblin hits you with a +0 club.
You die... # ######..## #.><.....# #@####.#..# ..grgggg#

#####g###
... ..#
#.. ##


You could see Robin, 5 goblins and a rat.

Vanquished Creatures
  4 dart slugs (D:1)
  A ball python (D:1)
  3 bats (D:1)
  2 endoplasms (D:1)
  2 giant cockroaches (D:1)
  3 goblins
  4 hobgoblins
  5 kobolds (D:1)
  A quokka (D:1)
  2 frilled lizards (D:1)
  2 rats (D:1)
29 creatures vanquished.

Notes
Turn   | Place    | Note
-------+----------+-------------------------------------------
     0 | D:1      | qw the Gargoyle Hexslinger began the quest for the Orb.
     0 | D:1      | Reached XP level 1. HP: 12/12 MP: 2/2
     0 | D:1      | 0 ||| qw: Version: 0.3-a-46-gb1f654a
     0 | D:1      | 0 ||| qw: Game counter: 1690
     0 | D:1      | 0 ||| qw: Melee chars always use a shield: true
     0 | D:1      | 0 ||| qw: God list: Okawaru
     0 | D:1      | 0 ||| qw: Allow faded altars: false
     0 | D:1      | 0 ||| qw: Do Orc after clearing Dungeon:15 true
     0 | D:1      | 0 ||| qw: Do second Lair branch before Depths: true
     0 | D:1      | 0 ||| qw: Lair rune preference: random
     0 | D:1      | 0 ||| qw: Goals: Normal
     0 | D:1      | 0 ||| PLANNING D:1-11
    23 | D:1      | 23 ||| FLEEEEING.
    24 | D:1      | 24 ||| FLEEEEING.
    25 | D:1      | 25 ||| FLEEEEING.
    26 | D:1      | 26 ||| FLEEEEING.
    83 | D:1      | Reached XP level 2. HP: 9/16 MP: 3/3
   211 | D:1      | Reached skill level 3 in Ranged Weapons
   329 | D:1      | Reached XP level 3. HP: 21/21 MP: 4/4
   650 | D:1      | Found Nadaxza's Distillery.
   653 | D:1      | 653 ||| SHOPLISTING potion of cancellation (96 gold, have
                  | 43).
   653 | D:1      | 653 ||| SHOPLISTING potion of haste (120 gold, have 43).
   653 | D:1      | 653 ||| SHOPLISTING potion of might (48 gold, have 43).
   653 | D:1      | 653 ||| SHOPLISTING potion of resistance (120 gold, have
                  | 43).
   862 | D:1      | 862 ||| UPGRADING to +1 pair of boots.
   867 | D:1      | 867 ||| UPGRADING to +0 leather armour of cold resistance.
   877 | D:1      | 877 ||| DROPPING +0 robe.
   878 | D:1      | 878 ||| READING scroll labelled KIVUYD KONG.
   879 | D:1      | 879 ||| READING scroll labelled YDWAM XIVE.
   880 | D:1      | 880 ||| READING scroll labelled JEINEB VUOPH.
   881 | D:1      | 881 ||| DROPPING scroll of poison.
   891 | D:2      | Noticed Robin
   899 | D:2      | HP: 4/21 [goblin/+0 dagger[Robin] (3)]
   900 | D:2      | Slain by a goblin

Levels and vault maps discovered:
D:1:      dpeg_arrival_rhombus, layout_loops_ring, serial_shops,
          nicolae_shop_real_fake_doors, chequers_serial_rivers_micro_c,
          nicolae_eternal_life, minmay_pentomino_o2
D:2:      layout_rooms, uniq_robin, uniq_terence, uniq_jessica

Skill      XL: |  1  2  3 |
---------------+----------+-----
Ranged Weapons | 3 |  3.4
Fighting       | 2 |  2.0
Dodging        | |  1.5
Spellcasting   | |  1.0
Hexes          | |  2.6

Action                     || total
---------------------------++-------
   Fire: Sling             ||    83
    Use: Scroll            ||     3
 Armour: Robe              ||    16
         Leather armour    ||     3
  Dodge: Dodged            ||    25

Table legend:
 A = Non-vault XP
 B = Vault XP
 C = Vault XP percentage of total XP
 D = Non-vault monster count
 E = Vault monster count
 F = Vault count percentage of total count
                 A         B        C        D         E       F
            +---------+---------+-------+---------+---------+-------
      Total |      54 |       6 |  10.0 |      26 |       3 |  10.3
            +---------+---------+-------+---------+---------+-------
        D:1 |      52 |       4 |   7.1 |      25 |       2 |   7.4
        D:2 |       2 |       2 |  50.0 |       1 |       1 |  50.0
            +---------+---------+-------+---------+---------+-------
